 Dungeon Crawl Stone Soup version 0.30.0-5-g1a98f26d00 (webtiles) character file.

Game seed: 6028752511487255444

32 Brutalitops the Magician (level 3, -2/24 HPs)
             Began as a Demonspawn Hedge Wizard on May 9, 2023.
             Slain by a sleepcap (6 damage)
             ... on level 1 of the Dungeon.
             The game lasted 00:05:08 (1132 turns).

Brutalitops the Magician (Demonspawn Hedge Wizard)  Turns: 1132, Time: 00:05:09

Health: -2/24      AC:  3    Str: 10    XL:     3   Next: 10%
Magic:  3/7        EV: 11    Int: 17    God:
Gold:   154        SH:  3    Dex: 12    Spells: 7/8 levels left

rFire   . . .        e - +0 mace
rCold   . . .        f - +0 buckler
rNeg    . . .        b - +0 robe
rPois   .            c - +0 hat
rElec   .            (no cloak)
rCorr   .            (no gloves)
SInv    .            (no boots)
Will    .....        (no amulet)
Stlth   ++           (no ring)
HPRegen 0.24/turn    (no ring)
MPRegen 0.10/turn

%: no passive effects
@: no status effects
A: rugged brown scales 1
a: no special abilities


You were on level 1 of the Dungeon.
You visited 1 branch of the dungeon, and saw 2 of its levels.

You collected 154 gold pieces.

Inventory:

Hand Weapons
 e - a +0 mace (weapon)
Armour
 b - a +0 robe (worn)
 c - a +0 hat (worn)
 f - a +0 buckler (worn)
Potions
 d - a potion of magic
 g - a potion of berserk rage {unknown}
 i - a potion of heal wounds {unknown}


   Skills:
 + Level 0.1 Fighting
 + Level 2.2 Dodging
 + Level 2.1 Stealth
 + Level 0.1 Shields
 + Level 3.4 Spellcasting
 + Level 1.4 Conjurations
 + Level 1.0 Summonings
 + Level 0.8 Translocations


You had 7 spell levels left.
You knew the following spells:

 Your Spells              Type           Power      Damage    Failure   Level
a - Magic Dart            Conj           28%        1d4       14%         1

Your spell library contained the following spells:

 Spells                   Type           Power      Damage    Failure   Level
 Slow                     Hex            8%         N/A       26%         1
 Blink                    Tloc           10%        N/A       26%         2
 Call Imp                 Summ           12%        N/A       26%         2
 Cigotuvi's Dreadful Rot  Necr/Pois/Air  4%         N/A       36%         2
 Mephitic Cloud           Conj/Pois/Air  4%         N/A       54%         3


Dungeon Overview and Level Annotations

Branches:
Dungeon (2/15)

Altars:

Shops:
D:2 [


Innate Abilities, Weirdness & Mutations

You are partially covered in rugged brown scales. (AC +1, +3% HP)


Message History

Press: ? - help, Q - select action Shift-Dir - straight line, f/p - sleepcap
Aim: a sleepcap (100% to hit)
The magic dart hits the sleepcap.
The sleepcap is lightly damaged.
Aiming: Magic Dart (safe; 14% risk of failure)
Press: ? - help, Q - select action Shift-Dir - straight line, f/p - sleepcap
Aim: a sleepcap (lightly damaged, 100% to hit)
The magic dart hits the sleepcap but does no damage.
The sleepcap is lightly damaged.
Aiming: Magic Dart (safe; 14% risk of failure)
Press: ? - help, Q - select action Shift-Dir - straight line, f/p - sleepcap
Aim: a sleepcap (lightly damaged, 100% to hit)
You miscast Magic Dart.
You are very lightly contaminated with residual magic.
Nothing appears to happen.
Aiming: Magic Dart (safe; 14% risk of failure)
Press: ? - help, Q - select action Shift-Dir - straight line, f/p - sleepcap
Aim: a sleepcap (lightly damaged, 100% to hit)
The magic dart hits the sleepcap.
The sleepcap is lightly damaged.
You hit the sleepcap.
The sleepcap is lightly damaged.
The sleepcap barely misses you. The sleepcap closely misses you.
You hit the sleepcap.
The sleepcap is lightly damaged.
The sleepcap releases spores at you.
You are engulfed in a cloud of soporific spores!
You fall asleep.
A ball python comes into view.
The sleepcap releases spores at you.
You wake up.
You are engulfed in a cloud of soporific spores!
You are unaffected.
There is a stone staircase leading up here.
The sleepcap releases spores at you!
* * * LOW HITPOINT WARNING * * *
Your magical contamination has completely faded away.
You climb upwards.
There is a stone staircase leading down here.
The sleepcap attacks as you move away! The sleepcap releases spores at you.
You die...

##########################
#.........................
#.############.....#######
#.# ########.....# #.#
#............####### #.#
#................... #.#
#............#####..
#.#####............#####..
#.......f@................
#######........#######....
#........# #.#..
#........# #.#..
#..^.....#######.#..
###...........##.#..
#).............#..
#...........####..
#...........# #..


You could see a sleepcap.

Vanquished Creatures
  2 ball pythons (D:1)
  5 endoplasms (D:1)
  A giant cockroach (D:1)
  4 goblins
  3 hobgoblins (D:1)
  2 jackals (D:1)
  A kobold (D:1)
  A quokka (D:2)
  3 bats
  4 frilled lizards (D:1)
  3 rats (D:1)
29 creatures vanquished.

Notes
Turn   | Place    | Note
-------+----------+-------------------------------------------
     0 | D:1      | Brutalitops the Demonspawn Hedge Wizard began the quest for
                  | the Orb.
     0 | D:1      | Reached XP level 1. HP: 13/13 MP: 4/4
   234 | D:1      | Gained mutation: You are partially covered in rugged brown
                  | scales. (AC +1, +3% HP) [demonic ancestry]
   234 | D:1      | Reached XP level 2. HP: 13/19 MP: 4/6
  1098 | D:2      | Found Otacuuh's Antique Armour Shoppe.
  1100 | D:2      | Reached XP level 3. HP: 24/24 MP: 7/7
  1132 | D:1      | Slain by a sleepcap

Illustrated notes

Levels and vault maps discovered:
D:1:      onia_arrival_mini_spirals, layout_basic, minmay_gold_behind_fungi
D:2:      layout_rooms, serial_shops, shop, uniq_natasha, uniq_robin

Skill      XL: |  1  2 |
---------------+-------+-----
Dodging        | 2 |  2.2
Stealth        | 2 |  2.1
Fighting       | |  0.1
Shields        | |  0.1
Spellcasting   | |  3.4
Conjurations   | |  1.4
Summonings     | |  1.0
Translocations | |  0.8

Action                     || total
---------------------------++-------
  Melee: Mace              ||    36
   Cast: Magic Dart        ||    49
    Use: Scroll            ||     2
   Stab: Sleeping          ||     1
 Armour: Robe              ||    12
  Dodge: Dodged            ||    18
  Block: Buckler           ||     6
